 Dungeon Crawl Stone Soup version 0.20.1-1-g8b1a95d (webtiles) character file.

52889 letownia2 the Reanimator (level 14, -13/115 HPs)
             Began as a Deep Dwarf Necromancer on Nov 13, 2017.
             Was an Initiate of Gozag.
             Shot with an arrow by a deep elf archer (24 damage)
             ... on level 2 of the Elven Halls.
             The game lasted 01:20:00 (21422 turns).

letownia2 the Reanimator (Deep Dwarf Necromancer)  Turns: 21422, Time: 01:20:00

Health: -13/115    AC: 12    Str: 15    XL:     14   Next: 28%
Magic:  32/35      EV: 12    Int: 25    God:    Gozag
Gold:   1540       SH:  0    Dex: 13    Spells: 14/30 levels left

rFire    + . .     SeeInvis .   a - +10 spear "Fumeir" {venom, Int+7}
rCold    + . .     Gourm    .   (no shield)
rNeg     + + .     Faith    .   s - +0 scale mail
rPois    +         Spirit   .   u - -2 hat of the Alchemist {rElec rPois rF+ rC+ rN+ MR+ rMut rCorr}
rElec    +         Reflect  .   x - +0 cloak
rCorr    +         Harm     .   q - +0 pair of gloves
rMut     +                      (no boots)
MR       +++..                  (no amulet)
Stlth    +.........             m - ring of magical power
Regen    0.0/turn               n - +4 ring of protection
MPRegen  0.3/turn

@: non-regenerating
A: damage resistance, heal wounds, negative energy resistance 1, sense
surroundings 2, no regeneration
a: Heal Wounds, Potion Petition, Call Merchant, Bribe Branch, Renounce Religion


You were on level 2 of the Elven Halls.
You worshipped Gozag.
Gozag was most pleased with you.
You were not hungry.

You visited 5 branches of the dungeon, and saw 19 of its levels.
You also visited: Volcano.

You collected 5987 gold pieces.
You spent 1416 gold pieces at shops.
You paid 3031 gold pieces to Gozag.

Inventory:

Hand Weapons
 a - the +10 spear "Fumeir" (weapon) {venom, Int+7}
   (You found it on level 9 of the Dungeon)

   It poisons the flesh of those it strikes.
   It affects your intelligence (+7).
 b - a +1 battleaxe of flaming
 c - a +0 blowgun
 h - a +1 arbalest of flaming
 C - a +4 hand axe of holy wrath
 R - a +0 battleaxe of freezing
Missiles
 D - 73 bolts
 J - 8 curare-tipped needles
Armour
 q - a +0 pair of gloves (worn)
 s - a +0 scale mail (worn)
 u - the -2 hat of the Alchemist (worn) {rElec rPois rF+ rC+ rN+ MR+ rMut rCorr}
   (You bought it in a shop on level 2 of the Lair of Beasts)

   It protects you from fire.
   It protects you from cold.
   It insulates you from electricity.
   It protects you from poison.
   It protects you from negative energy.
   It affects your resistance to hostile enchantments.
   It protects you from acid and corrosion.
   It protects you from mutation.
 x - a +0 cloak (worn)
Jewellery
 j - an uncursed ring of protection from magic
 m - a ring of magical power (left hand)
 n - a +4 ring of protection (right hand)
 w - an uncursed ring of poison resistance
 Q - an uncursed ring of see invisible
 Y - an uncursed ring of protection from fire
Wands
 g - a wand of lightning (6/15)
 t - a wand of digging (14/24)
 z - a wand of paralysis (9/24)
 G - a wand of flame (5/48)
 K - a wand of confusion (14/48)
 M - a wand of iceblast (4/15)
 S - a wand of acid (4/15)
Scrolls
 k - 4 scrolls of teleportation
 p - 7 scrolls of remove curse
 y - a scroll of enchant armour {unknown}
 B - a scroll of magic mapping
 F - 3 scrolls of immolation
 O - a scroll of fear
 P - 5 scrolls of identify
 U - a scroll of fog
 X - 2 scrolls of recharging
Potions
 d - a potion of resistance
 e - 2 potions of heal wounds
 f - 2 potions of berserk rage
 l - 6 potions of curing {unknown}
 o - 2 potions of brilliance {unknown}
 r - 2 potions of might
 v - a potion of cancellation
 E - 5 potions of degeneration {unknown}
 I - 2 potions of haste
 L - 4 potions of lignification
 N - 6 potions of mutation
 T - a potion of ambrosia
 Z - a potion of agility {unknown}
Comestibles
 i - a meat ration
 A - a royal jelly
 H - 8 bread rations
 V - 4 fruits


   Skills:
 - Level 4.7 Fighting
 + Level 13.2 Axes
 - Level 6.4 Armour
 - Level 5.2 Dodging
 - Level 2.4 Stealth
 - Level 8.8 Spellcasting
 - Level 2.1 Conjurations
 - Level 2.9 Hexes
 - Level 4.4 Charms
 + Level 14.8 Necromancy
 - Level 2.4 Translocations
 - Level 4.0 Air Magic
 - Level 3.2 Poison Magic
 - Level 6.2 Evocations


You had 14 spell levels left.
You knew the following spells:

 Your Spells              Type           Power        Failure   Level  Hunger
a - Pain                  Necr           ####         1%          1    None
e - Mephitic Cloud        Conj/Pois/Air  ####....     16%         3    None
l - Song of Slaying       Chrm           ####....     4%          2    None
p - Poisonous Vapours     Pois/Air       ####..       6%          2    None
t - Shroud of Golubria    Chrm/Tloc      ####......   7%          2    None
v - Vampiric Draining     Necr           ######....   1%          3    None
x - Spectral Weapon       Hex/Chrm       ####....     12%         3    None


Dungeon Overview and Level Annotations

Branches:
Dungeon (12/15)            Temple (1/1) D:4            Lair (2/6) D:11
    Orc (2/2) D:10            Elf (2/3) Orc:2
  Swamp: Lair:2-4    Shoals: Lair:2-4     Snake: Lair:2-4    Spider: Lair:2-4

Altars:
Ashenzari
Cheibriados
Dithmenos
Elyvilon
Fedhas
Gozag
Hepliaklqana
Kikubaaqudgha
Makhleb
Nemelex Xobeh
Okawaru
Qazlal
Ru
Trog
Uskayaw
Vehumet
Xom
Yredelemnul
Zin
The Shining One
Beogh

Shops:
D:7 }[   D:8 %   D:11 (   Orc:1 [   Orc:2 [?::   Lair:1 [%   Lair:2 [

Portals:
Trove: D:11 (give +5 fire dragon scales)
Desolation: Elf:2

Annotations:
D:5 exclusion: two-headed ogre
D:9 soepske's ghost, journeyman FoFi
D:10 Gremour's ghost, journeyman GrFi
D:11 Thaneod's ghost, journeyman MiGl
Lair:1 exclusion: oklob plant


Innate Abilities, Weirdness & Mutations

You are resistant to damage.
You can heal yourself by infusing magical energy.
You resist negative energy. (rN+)
You passively map the area around you.
You do not regenerate.


Message History

Unknown command.
You feel much better.
The deep elf mage mumbles some strange words.
The deep elf mage blinks!
Unknown command.
Casting: Vampiric Draining
Confirm with . or Enter, or press ? or * to list all spells.
Aiming: Mephitic Cloud
Press: ? - help, Shift-Dir - straight line, f - deep elf archer
Aim: a deep elf archer, wielding a longbow and wearing a leather armour (repelling missiles)
The ball explodes into a vile cloud!
The stinking cloud engulfs the deep elf archer.
The stinking cloud engulfs the deep elf death mage.
The deep elf archer shoots an arrow.
The arrow hits you!!
* * * LOW HITPOINT WARNING * * *
The arrow burns you.
The deep elf archer is engulfed in noxious fumes.
The deep elf archer shoots an arrow.
The arrow hits you!!
You die...
Your body crumbles into a pile of gold.

,,,,,**
###....'.....)+,,,,,*
,,,,,*
##...#######*,,,,,*
,,,,+** #'###
**+,,,** ,,,,*,** #.#
**,***** +*****,**
#.# **,** ,* **,**
#.# **,** ,* **,**
#.# **,** ,* **,**
#.# **,** ,* **,**
#@# **,** +****
**,***#'#**,** ,,,,*
**,**§§.*+** ,,,,**
**+§e§..**
,,,$,********e.§e...*
,,,,,,,,,,,,+....>.e#
*******,,***#.......#
8,,,>_*,** ##.e...##
*******,* **,,,**


You could see a deep elf death mage, 2 deep elf archers, a deep elf knight and a
deep elf mage.

Vanquished Creatures
  An orc warlord (Orc:1)
  A stone giant (Orc:2)
  An ettin (Orc:1)
  4 two-headed ogres
  5 orc high priests (Orc:2)
  A deep elf knight (Elf:1)
  An unseen horror (D:12)
  Pikel (D:6)
  A deep elf archer (Elf:1)
  11 orc knights
  A lindwurm (Volcano)
  12 deep elf magi
  3 cyclopes
  6 orc sorcerers
  3 salamanders (Volcano)
  2 manticores
  6 elephants (Lair:1)
  A black mamba (shapeshifter) (Elf:2)
  Maurice (D:9)
  3 spiny frogs
  4 komodo dragons
  2 gargoyles
  A rime drake (Lair:2)
  8 trolls
  Prince Ribbit (D:9)
  6 blink frogs (Lair:1)
  7 hippogriffs
  Sigmund (D:2)
  An air elemental (Elf:1)
  2 shadows
  A spriggan (D:7)
  2 fire bats (Volcano)
  3 wyverns
  A fire elemental (Lair:2)
  A basilisk (Lair:2)
  14 yaks
  A soldier ant (D:10)
  5 wargs
  6 water moccasins
  A hell hound (Volcano)
  4 slaves (D:6)
  9 porcupines
  2 ice beasts
  37 orc warriors
  2 phantoms
  2 sky beasts
  5 centaurs
  3 black bears
  14 ogres
  4 wolves (Lair:2)
  4 crocodiles
  2 big kobolds (D:12)
  Blork the orc (D:5)
  7 bullfrogs
  A wyvern skeleton (D:10)
  An earth elemental (Elf:1)
  A water moccasin skeleton (D:6)
  6 killer bees (D:12)
  4 scorpions
  3 howler monkeys
  5 crimson imps
  3 bullfrog zombies
  4 jellies
  2 hounds
  41 orc priests
  2 centaur skeletons (D:12)
  A bullfrog skeleton (D:9)
  2 centaur zombies
  3 iguanas
  26 orc wizards
  9 worker ants
  A hound zombie (D:6)
  A hound skeleton (D:6)
  Robin (D:2)
  A worker ant zombie (D:11)
  5 adders
  A shadow imp (D:7)
  9 oozes
  An adder zombie (D:9)
  2 adder skeletons
  3 worms
  2 dart slugs (D:1)
  2 leopard geckos
  135 orcs
  11 bats
  5 giant cockroaches
  16 goblins
  12 hobgoblins
  6 jackals
  5 quokkas
  2 ball pythons
  3 frilled lizards
  23 kobolds
  3 rats
  A pillar of salt (Elf:2)
594 creatures vanquished.

Vanquished Creatures (others)
  2 dancing weapons (Elf:2)
  A two-headed ogre (Volcano)
  An orc wizard (Orc:1)
  A fungus (D:4)
  12 plants
  7 toadstools (D:4)
24 creatures vanquished.

Grand Total: 618 creatures vanquished

Notes
Turn   | Place    | Note
-------+----------+-------------------------------------------
     0 | D:1      | letownia2 the Deep Dwarf Necromancer began the quest for the Orb.
     0 | D:1      | Reached XP level 1. HP: 15/15 MP: 3/3
   320 | D:2      | Found a shadowy altar of Dithmenos.
   331 | D:2      | Reached XP level 2. HP: 22/22 MP: 1/5
   512 | D:3      | Reached skill level 5 in Necromancy
   666 | D:3      | Reached XP level 3. HP: 28/28 MP: 0/6
   783 | D:4      | Learned a level 3 spell: Vampiric Draining
   856 | D:4      | Reached skill level 1 in Armour
   856 | D:4      | Reached skill level 6 in Necromancy
   856 | D:4      | Reached XP level 4. HP: 33/36 MP: 7/7
   906 | D:4      | Found a staircase to the Ecumenical Temple.
   922 | Temple   | Entered the Ecumenical Temple
   971 | Temple   | Became a worshipper of Gozag Ym Sagoz the Greedy
  1144 | D:4      | Noticed a phantom
  1689 | D:3      | Found a snail-covered altar of Cheibriados.
  1804 | D:4      | Found a shattered altar of Ashenzari.
  1856 | D:4      | Reached XP level 5. HP: 29/42 MP: 9/9
  2030 | D:2      | Noticed Robin
  2063 | D:2      | Killed Robin
  2148 | D:2      | Noticed Sigmund
  2173 | D:2      | Killed Sigmund
  2173 | D:2      | Reached skill level 7 in Necromancy
  2173 | D:2      | Reached XP level 6. HP: 28/49 MP: 0/10
  3165 | D:4      | Reached skill level 8 in Necromancy
  3520 | D:4      | Reached XP level 7. HP: 40/55 MP: 11/11
  3673 | D:5      | Entered Level 5 of the Dungeon
  3804 | D:5      | Noticed Blork the orc
  3816 | D:5      | Killed Blork the orc
  3829 | D:5      | Noticed a two-headed ogre
  3956 | D:5      | Reached skill level 5 in Spellcasting
  3975 | D:5      | Reached skill level 1 in Fighting
  4072 | D:5      | Got an ichor-stained robe
  4141 | D:5      | Identified the cursed +1 robe "Jomaamib" {rCorr Str+2} (You found it on level 5 of the Dungeon)
  4167 | D:6      | Noticed Pikel
  4257 | D:6      | Reached XP level 8. HP: 55/66 MP: 16/16
  4517 | D:6      | Found a hide-covered altar of Uskayaw.
  5046 | D:7      | Found Cetus's Gadget Shop.
  5054 | D:7      | Learned a level 3 spell: Mephitic Cloud
  5057 | D:7      | Learned a level 2 spell: Poisonous Vapours
  5141 | D:7      | Reached skill level 1 in Conjurations
  5141 | D:7      | Reached skill level 1 in Evocations
  5206 | D:7      | Reached skill level 1 in Air Magic
  5206 | D:7      | Reached skill level 1 in Poison Magic
  5397 | D:6      | Noticed a two-headed ogre
  5522 | D:6      | Found a shimmering altar of Xom.
  5875 | D:8      | Found a bloodstained altar of Trog.
  5958 | D:8      | Gained mutation: You passively map the area around you. [Deep Dwarf growth]
  5958 | D:8      | Reached XP level 9. HP: 54/74 MP: 18/18
  6191 | D:8      | Found Neazum's Food Emporium.
  6715 | D:6      | Killed Pikel
  6715 | D:6      | Reached skill level 5 in Evocations
  6828 | D:9      | Noticed Maurice
  6847 | D:9      | Killed Maurice
  6869 | D:9      | Noticed soepske's ghost (journeyman FoFi)
  7042 | D:9      | Noticed a troll
  7257 | D:9      | Reached XP level 10. HP: 59/81 MP: 20/21
  7296 | D:9      | Noticed Prince Ribbit
  7305 | D:9      | Killed Prince Ribbit
  7385 | D:9      | Got a shimmering spear
  7386 | D:9      | Identified the +10 spear "Fumeir" {venom, Int+7} (You found it on level 9 of the Dungeon)
  7520 | D:9      | Noticed a two-headed ogre
  7555 | D:9      | Killed a two-headed ogre
  8079 | D:10     | Entered Level 10 of the Dungeon
  8096 | D:10     | Noticed a gargoyle
  8450 | D:10     | Found a staircase to the Orcish Mines.
  8639 | D:10     | Reached skill level 1 in Axes
  8699 | D:10     | Found a basalt altar of Yredelemnul.
  8865 | D:10     | Noticed a cyclops
  8958 | D:10     | Killed a cyclops
  9145 | D:10     | Noticed Gremour's ghost (journeyman GrFi)
  9186 | D:9      | Noticed a manticore
  9192 | D:9      | Killed a manticore
  9315 | D:10     | Killed a gargoyle
  9315 | D:10     | Reached skill level 9 in Necromancy
  9315 | D:10     | Reached XP level 11. HP: 45/91 MP: 23/23
  9398 | D:10     | Noticed a deep elf mage
  9416 | D:10     | Killed a deep elf mage
  9838 | D:11     | Found a staircase to the Lair.
  9921 | D:11     | Noticed a two-headed ogre
  9938 | D:11     | Killed a two-headed ogre
  9938 | D:11     | Reached skill level 5 in Armour
  9962 | D:11     | Noticed a two-headed ogre
  9975 | D:11     | Killed a two-headed ogre
 10022 | D:11     | Found Paugam's Weapon Emporium.
 10053 | D:11     | Found a portal to a secret trove of treasure.
 10066 | D:11     | Noticed Thaneod's ghost (journeyman MiGl)
 10178 | D:11     | Reached skill level 5 in Dodging
 10309 | D:11     | Found a roughly hewn altar of Beogh.
 10319 | D:11     | Reached skill level 5 in Axes
 10799 | Orc:1    | Entered Level 1 of the Orcish Mines
 10820 | Orc:1    | Noticed an orc sorcerer
 10822 | Orc:1    | Reached skill level 10 in Necromancy
 10833 | Orc:1    | Killed an orc sorcerer
 10903 | Orc:1    | Noticed an orc sorcerer
 10916 | Orc:1    | Killed an orc sorcerer
 11013 | Orc:1    | Learned a level 2 spell: Song of Slaying
 11017 | Orc:1    | Learned a level 3 spell: Spectral Weapon
 11020 | Orc:1    | Learned a level 2 spell: Shroud of Golubria
 11083 | Orc:2    | Entered Level 2 of the Orcish Mines
 11108 | Orc:2    | Noticed an orc knight
 11115 | Orc:2    | Noticed an orc warlord
 11137 | Orc:1    | Killed an orc knight
 11284 | Orc:1    | Killed an orc warlord
 11525 | D:11     | Reached XP level 12. HP: 37/99 MP: 22/24
 11554 | Lair:1   | Entered Level 1 of the Lair of Beasts
 11665 | Lair:1   | Found a dark tunnel.
 11806 | Volcano  | Entered a volcano
 11841 | Volcano  | Killed a two-headed ogre
 11847 | Volcano  | Reached skill level 11 in Necromancy
 12815 | Orc:1    | Noticed an ettin
 12853 | Orc:1    | Killed an ettin
 12853 | Orc:1    | Reached skill level 1 in Hexes
 12853 | Orc:1    | Reached skill level 1 in Translocations
 13021 | Orc:2    | Noticed a stone giant
 14606 | Orc:2    | Killed a stone giant
 14606 | Orc:2    | Reached skill level 12 in Necromancy
 14606 | Orc:2    | Reached XP level 13. HP: 93/108 MP: 17/25
 14609 | Orc:2    | Found a staircase to the Elven Halls.
 15293 | Orc:2    | Reached skill level 10 in Axes
 15392 | Orc:2    | Found Poumic's Armour Shop.
 15395 | Orc:2    | Found Coets's Book Shop.
 15395 | Orc:2    | Found Roarekh's Book Boutique.
 15939 | Orc:2    | Reached skill level 13 in Necromancy
 16065 | Orc:1    | Found Vyetuosa's Antique Armour Shoppe.
 16876 | Orc:2    | Found Ysaceoll's Magic Scroll Shop.
 17352 | Lair:2   | Bought the -2 hat of the Alchemist {rElec rPois rF+ rC+ rN+ MR+ rMut rCorr} for 1416 gold pieces
 17728 | Lair:2   | Got a distressingly furry chain mail
 17742 | Lair:2   | Identified the cursed +0 chain mail "Wiahyuno" {Dex+2} (You found it on level 2 of the Lair of Beasts)
 18598 | D:12     | Reached skill level 14 in Necromancy
 19937 | Elf:1    | Entered Level 1 of the Elven Halls
 19943 | Elf:1    | Gained mutation: You resist negative energy. (rN+) [Deep Dwarf growth]
 19943 | Elf:1    | Reached XP level 14. HP: 54/115 MP: 26/26
 20927 | Elf:1    | Found a radiant altar of Vehumet.
 21109 | Elf:1    | You fall through a shaft!
 21117 | Elf:2    | Noticed a deep elf blademaster
 21217 | Elf:2    | Found a ruined gateway.
 21422 | Elf:2    | Shot with an arrow by a deep elf archer

Skill      XL: |  1  2  3  4  5  6  7  8  9 10 11 12 13 14 |
---------------+-------------------------------------------+-----
Spellcasting   | 2 3 5 6 7 8 |  8.8
Necromancy     | 5 6 7 8 9 10 12 14 | 14.8
Armour         | 1 2 4 5 6 |  6.4
Fighting       | 1 2 3 4 |  4.7
Conjurations   | 2 |  2.1
Evocations     | 3 6 |  6.2
Air Magic      | 1 3 4 |  4.0
Poison Magic   | 1 3 |  3.2
Axes           | 3 7 9 12 13 | 13.2
Dodging        | 3 5 |  5.2
Charms         | 3 4 |  4.4
Hexes          | 2 |  2.9
Translocations | 2 |  2.4
Stealth        | |  2.4

Action                   |  1- 3 |  4- 6 |  7- 9 | 10-12 | 13-15 || total
-------------------------+-------+-------+-------+-------+-------++-------
Melee: Dagger            |       |    88 |   271 |    26 |       ||   385
       Short sword       |       |     6 |       |       |       ||     6
       Spear             |       |       |       |   320 |   522 ||   842
 Cast: Pain              |    36 |   104 |    93 |    13 |     2 ||   248
       Vampiric Draining |       |     7 |    48 |   258 |   243 ||   556
       Poisonous Vapours |       |       |       |    79 |    53 ||   132
       Mephitic Cloud    |       |       |       |    39 |    58 ||    97
       Shroud of Golubri |       |       |       |     2 |    10 ||    12
Invok: Call Merchant     |       |       |     1 |     3 |       ||     4
Evoke: Wand              |       |       |     5 |    53 |    12 ||    70
  Use: Scroll            |       |       |    10 |    14 |    11 ||    35
       Potion            |       |       |       |     1 |     3 ||     4
 Stab: Confused          |       |       |     1 |    13 |    17 ||    31
       Paralysed         |       |       |       |     2 |       ||     2
       Invisible         |       |       |       |     2 |       ||     2
       Distracted        |       |       |       |       |     1 ||     1
  Eat: Bread ration      |       |     1 |     1 |     1 |     3 ||     6
       Chunk             |       |     1 |     6 |       |       ||     7
       Fruit             |       |     1 |     2 |       |       ||     3
       Royal jelly       |       |     1 |       |     2 |     1 ||     4
       Meat ration       |       |       |     1 |     3 |     1 ||     5
Armor: Ring mail         |    14 |    39 |   103 |    91 |       ||   247
       Scale mail        |       |       |    49 |    99 |   221 ||   369
       Chain mail        |       |       |       |     2 |     3 ||     5
Dodge: Dodged            |    25 |    68 |   169 |   293 |   305 ||   860
